AoeStats
← kkkkkk

Arabia

509727738Analyzed
4v4 RM · 3d ago on Sep 27, 2026· 63m 33s· 8 players
Game mode
Random Map
Map size
Large (8 player)
Population
200
Speed
Normal
Resources
Standard
Victory
Conquest
Starting age
Dark Age
Ending age
Imperial Age
RankedLock teamsTeams togetherTeam positionsShared explorationLock speedFull tech treeHidden civsTurbo modeCheats
Victory
Defeat
🇺🇸 Ethiopians · United States
1032
+10
🇹🇷 Franks · Türkiye
992
+11
🇳🇱 Franks · Netherlands
929
+25
🇳🇱 Goths · Netherlands
877
+16
🇦🇷 Portuguese · Argentina
961
-15
🇨🇴 Celts · Colombia
901
-13
🇩🇪 Cumans · Germany
854
-12
🇨🇴 Poles · Colombia
831
-11
Eng - Esp
9:17 Loom
11:03 Feudal Age
11:48 Man-at-Arms
12:16 Arson
12:34 Horse Collar
12:41 Double-Bit Axe
18:04 Gold Mining
18:53 Scale Mail Armor
19:03 Forging
22:50 Castle Age
23:12 Long Swordsman
23:37 Gambesons
25:28 Wheelbarrow
24:38 Town Watch
25:46 Bow Saw
30:42 Gold Shaft Mining
29:58 Stone Mining
30:25 Town Patrol
31:18 Chain Mail Armor
31:38 Iron Casting
31:23 Elite Skirmisher
33:37 Stone Shaft Mining
34:39 Padded Archer Armor
34:30 Fletching
36:04 Pikeman
40:30 Imperial Age
39:14 Heavy Plow
41:21 Ballistics
40:56 Murder Holes
40:55 Halberdier
43:33 Conscription
Deryuro
3:19 Loom
12:33 Feudal Age
13:53 Town Watch
13:53 Horse Collar
14:03 Double-Bit Axe
15:35 Bloodlines
24:15 Castle Age
24:28 Forging
24:24 Scale Barding Armor
26:39 Husbandry
30:06 Gold Mining
30:07 Stone Mining
31:22 Heavy Plow
34:58 Imperial Age
33:02 Bow Saw
34:28 Iron Casting
34:14 Chain Barding Armor
35:05 Caravan
35:20 Scale Mail Armor
36:23 Wheelbarrow
37:13 Conscription
38:11 Blast Furnace
37:40 Hand Cart
38:04 Cavalier
38:48 Squires
39:02 Elite Obuch
48:09 Chain Mail Armor
50:32 Plate Mail Armor
schiwulski
2:31 Loom
10:44 Feudal Age
12:40 Horse Collar
16:04 Double-Bit Axe
17:56 Wheelbarrow
18:12 Fletching
25:26 Castle Age
24:16 Padded Archer Armor
25:01 Town Watch
26:46 Bodkin Arrow
28:58 Elite Skirmisher
30:43 Bow Saw
30:48 Heavy Plow
33:40 Pikeman
34:46 Scale Mail Armor
37:52 Forging
44:30 Hand Cart
52:16 Imperial Age
49:58 Stone Mining
52:24 Ballistics
54:15 Chemistry
54:09 Leather Archer Armor
CheLoco3552
11:13 Feudal Age
10:11 Loom
12:36 Double-Bit Axe
13:01 Horse Collar
23:05 Forging
23:18 Fletching
23:25 Fletching
28:12 Castle Age
28:28 Stone Mining
29:46 Forging
30:33 Bow Saw
35:48 Wheelbarrow
35:57 Stone Shaft Mining
47:18 Imperial Age
53:38 Chemistry
52:45 Siege Engineers
Azog the Defiler
10:34 Feudal Age
15:03 Scale Barding Armor
16:33 Forging
23:26 Castle Age
22:48 Double-Bit Axe
25:22 Iron Casting
27:50 Chain Barding Armor
32:17 Husbandry
50:27 Imperial Age
52:29 Cavalier
roushdie
9:58 Feudal Age
10:34 Double-Bit Axe
11:54 Man-at-Arms
13:52 Loom
15:35 Gold Mining
19:57 Forging
32:09 Castle Age
31:20 Stone Mining
32:41 Scale Mail Armor
32:33 Long Swordsman
33:14 Squires
33:54 Iron Casting
34:22 Stone Shaft Mining
38:20 Chain Mail Armor
40:04 Wheelbarrow
39:45 Bow Saw
43:52 Pikeman
49:24 Imperial Age
48:56 Hand Cart
48:26 Treadmill Crane
48:43 Murder Holes
48:52 Horse Collar
49:45 Two-Handed Swordsman
51:35 Blast Furnace
50:29 Halberdier
51:08 Champion
52:28 Masonry
kkkkkk
10:00 Feudal Age
10:30 Double-Bit Axe
10:44 Loom
14:55 Fletching
15:05 Padded Archer Armor
20:50 Castle Age
21:02 Crossbowman
21:54 Bodkin Arrow
22:55 Bow Saw
24:01 Leather Archer Armor
46:03 Imperial Age
46:46 Bracer
47:16 Ring Archer Armor
46:08 Arbalester
46:54 Thumb Ring
49:48 Two-Man Saw
49:25 Wheelbarrow
59:00 Ballistics
58:36 Murder Holes
ruiner328326
7:13 Loom
9:54 Feudal Age
10:35 Double-Bit Axe
20:22 Castle Age
19:43 Forging
19:39 Scale Barding Armor
23:59 Bow Saw
28:19 Iron Casting
28:04 Chain Barding Armor
37:46 Imperial Age
38:24 Wheelbarrow
38:13 Cavalier
40:16 Blast Furnace
39:51 Plate Barding Armor
63:23 Light Cavalry
Connection lost

Rejoining the realm…

Still unreachable

The connection could not be restored.

Session expired

The server has moved on; the page needs a fresh start.